 Dungeon Crawl Stone Soup version 0.17-a0-1920-gafa4d75 (webtiles) character file.

406 dpvblackbelt the Covert (level 6, 0/44 HPs)
             Began as a Vampire Gladiator on Sept 27, 2015.
             Was an Initiate of Dithmenos.
             Slain by a hound zombie (2 damage)
             ... on level 5 of the Dungeon.
             The game lasted 00:25:53 (10902 turns).

dpvblackbelt the Covert (Vampire Gladiator)        Turns: 10902, Time: 00:25:53

Health: 0/44       AC:  4    Str: 15      XL:     6   Next: 56%
Magic:  6/6        EV: 12    Int: 10      God:    Dithmenos [......]
Gold:   218        SH:  0    Dex:  6 (16) Spells: 1 memorised, 3 levels left

rFire  . . .     SeeInvis +     f - +0 dagger
rCold  + + .     Clarity  .     q - +0 robe
rNeg   + + +     SustAt   .     (no shield)
rPois  ∞         Gourm    .     c - +1 helmet
rElec  .         Spirit   .     (no cloak)
rCorr  +         Warding  .     (no gloves)
rMut   .         Stasis   .     (no boots)
MR     .....                    l - amulet of resist corrosion {rCorr, !d}
Stlth  +++++.....               (no ring)
                                (no ring)

@: bloodless, non-regenerating, not resistant to hostile enchantments, quite
stealthy
A: fangs 3, see invisible, unbreathing
a: Bat Form, Renounce Religion


You were on level 5 of the Dungeon.
You worshipped Dithmenos.
Dithmenos was noncommittal.
You were bloodless.

You visited 2 branches of the dungeon, and saw 7 of its levels.

You collected 218 gold pieces.

Inventory:

Hand weapons
 a - a +0 rapier
 f - a +0 dagger (weapon)
   (You took it off a kobold on level 1 of the Dungeon)
Armour
 b - a +0 leather armour
   (You found it on level 3 of the Dungeon)
 c - a +1 helmet (worn)
 i - the cursed +1 chain mail "Coirgh" {+Fly MR+}
   (You found it on level 5 of the Dungeon)

   It affects your resistance to hostile enchantments.
   It lets you fly.
   It has a curse placed upon it.
 q - a +0 robe (worn)
   (You found it on level 2 of the Dungeon)
Jewellery
 e - an uncursed ring of ice {rC+, rF-}
   (You took it off a hobgoblin on level 1 of the Dungeon)
 l - an amulet of resist corrosion (around neck) {rCorr, !d}
   (You found it on level 2 of the Dungeon)
 n - an uncursed ring of ice {rC+, rF-}
   (You found it on level 6 of the Dungeon)
Magical devices
 d - a wand of polymorph (2)
   (You found it on level 5 of the Dungeon)
Scrolls
 h - 3 scrolls of remove curse
 j - a scroll of enchant armour
 k - a scroll of noise {!r}
 m - 5 scrolls of identify
 p - a scroll of blinking {unknown}
 r - a scroll of random uselessness {unknown}
 s - a scroll of fog {unknown}
 t - a scroll of immolation {unknown}
 u - a scroll of teleportation {unknown}
 v - a scroll of fear {unknown}
Books
 o - a book of Minor Magic
   (You found it on level 6 of the Dungeon)


   Skills:
 - Level 1.7 Fighting
 - Level 3.2 Short Blades
 - Level 1.5 Throwing
 - Level 3.2 Dodging
 - Level 10.2 Stealth
 + Level 1.9 Hexes


You had 3 spell levels left.
You knew the following spells:

 Your Spells              Type           Power        Failure   Level  Hunger
s - Slow                  Hex            #.......     30%         2    ###....


Dungeon Overview and Level Annotations

Branches:
Dungeon (6/15)             Temple (1/1) D:5

Altars:
Ashenzari
Dithmenos
Gozag
Qazlal
Vehumet
Yredelemnul
Zin
The Shining One

Annotations:
D:3 1 runed door
D:5 exclusion: Grinder, Grinder


Innate Abilities, Weirdness & Mutations

You do not heal naturally.
You are immune to poison.
You have razor-sharp teeth.
You have supernaturally acute eyesight.
You can survive without breathing.


Message History

The crimson imp hits you but does no damage.
Aim: a crimson imp (lightly wounded, chance to defeat MR: 28%)
The crimson imp easily resists.
Evoking this partially-identified wand wasted a few charges.
The crimson imp misses you.
You hit the crimson imp. The crimson imp hits you.
* * * LOW HITPOINT WARNING * * *
You take 1 damage, and have 10/44 hp.
You completely miss the crimson imp. You bite the crimson imp.
The crimson imp misses you.
You hit the crimson imp.
The crimson imp hits you but does no damage.
You hit the crimson imp. The crimson imp puffs mist at you.
The crimson imp blinks!
The crimson imp blinks!
The crimson imp misses you.
You barely miss the crimson imp. The crimson imp hits you.
* * * LOW HITPOINT WARNING * * *
You take 3 damage, and have 7/44 hp.
You closely miss the crimson imp. You completely miss the crimson imp.
The crimson imp barely misses you.
You hit the crimson imp but do no damage.
The crimson imp barely misses you.
You hit the crimson imp but do no damage.
Your bite misses the crimson imp. The crimson imp closely misses you.
You hit the crimson imp.
The crimson imp hits you but does no damage.
You hit the crimson imp but do no damage.
The crimson imp hits you but does no damage.
You closely miss the crimson imp. The crimson imp closely misses you.
You miss the crimson imp. The crimson imp hits you.
* * * LOW HITPOINT WARNING * * *
You take 1 damage, and have 6/44 hp.
Read which item? (? for menu, Esc to quit)
Identify which item? (\ to view known items) (? for menu, Esc to quit)
As you read the scroll of identify, it crumbles to dust.
i - the cursed +1 chain mail "Coirgh" {+Fly MR+} The crimson imp hits you but does no damage.
The crimson imp closely misses you.
Drink which item? (? for menu, Esc to quit)
You feel better.
You regained 5 hp, and now have 11/44 hp.
The crimson imp misses you.
There is an open door here.
The crimson imp blinks!
There is a large open door here.
A giant frog and a phantom come into view.
The phantom barely misses you.
The crimson imp shouts, "Slither home, thou cockered bat-flapping vulture!"
The crimson imp blinks!
The crimson imp blinks!
The phantom blinks!
A hound comes into view.
The hound moves out of view.
You open the large door.
A hound zombie comes into view.
There is a large open door here.
The crimson imp blinks!
You closely miss the hound zombie. The hound zombie closely misses you.
You hit the hound zombie but do no damage.
The hound zombie closely misses you.
You hit the hound zombie.
The hound zombie bites you but does no damage.
The hound zombie barely misses you.
You hit the hound zombie. Your bite misses the hound zombie.
The hound zombie barely misses you.
You hit the hound zombie.
The hound zombie bites you but does no damage.
You barely miss the hound zombie. You bite the hound zombie.
The hound zombie barely misses you.
You completely miss the hound zombie. The hound zombie barely misses you.
You barely miss the hound zombie. The hound zombie closely misses you.
The crimson imp closely misses you.
You closely miss the hound zombie. The hound zombie bites you.
* * * LOW HITPOINT WARNING * * *
The crimson imp hits you.
* * * LOW HITPOINT WARNING * * *
You take 3 damage, and have 8/44 hp.
You closely miss the hound zombie. The hound zombie closely misses you.
You barely miss the hound zombie. The crimson imp barely misses you.
The hound zombie closely misses you.
You hit the hound zombie. The hound zombie bites you.
* * * LOW HITPOINT WARNING * * *
The crimson imp hits you.
* * * LOW HITPOINT WARNING * * *
The hound zombie completely misses you.
You take 5 damage, and have 3/44 hp.
You hit the hound zombie.
The crimson imp hits you but does no damage.
The hound zombie bites you.
* * * LOW HITPOINT WARNING * * *
You take 1 damage, and have 2/44 hp.
You barely miss the hound zombie.
The crimson imp hits you but does no damage.
The hound zombie bites you but does no damage.
You hit the hound zombie. Your bite misses the hound zombie.
The hound zombie closely misses you.
The crimson imp hits you but does no damage.
You closely miss the hound zombie. The hound zombie bites you.
You die...

###..#
................#
#. ...#
.............W..#
.. #. .#..#
...............##
....## #.#..#
..............##
...... # #..#
#............##
...... #.)#
#..........##
....## #..#
##........## ...
####'5####..# ..
#..@Z...# .
#########


You could see a crimson imp and a hound zombie.

Vanquished Creatures
  An ogre (D:4)
  A giant frog (D:6)
  A giant frog skeleton (D:5)
  2 hounds
  A worker ant (D:4)
  A hound skeleton (D:5)
  4 adders
  An ooze (D:1)
  2 adder skeletons (D:5)
  7 giant geckos
  3 orcs
  6 bats
  6 giant cockroaches
  9 hobgoblins
  11 kobolds
  3 quokkas
  7 giant newts
  5 goblins
  10 rats
81 creatures vanquished.

Notes
Turn   | Place    | Note
--------------------------------------------------------------
     0 | D:1      | dpvblackbelt the Vampire Gladiator began the quest for the Orb.
     0 | D:1      | Reached XP level 1. HP: 16/16 MP: 1/1
     9 | D:1      | Reached skill level 1 in Stealth
   712 | D:1      | Reached skill level 2 in Stealth
  1768 | D:1      | Reached XP level 2. HP: 16/22 MP: 2/2
  2083 | D:1      | Reached skill level 3 in Stealth
  2177 | D:1      | Reached skill level 4 in Stealth
  2460 | D:1      | HP: 5/22 [hobgoblin/dagger (5)]
  2477 | D:1      | Reached XP level 3. HP: 12/27 MP: 3/3
  3914 | D:2      | Reached skill level 5 in Stealth
  4501 | D:2      | Reached XP level 4. HP: 17/33 MP: 4/4
  4504 | D:2      | Reached skill level 6 in Stealth
  5502 | D:3      | Found a runed door.
  5502 | D:3      | Noticed a human
  5509 | D:3      | Found a basalt altar of Yredelemnul.
  5947 | D:3      | Noticed an ice beast
  6037 | D:4      | Reached skill level 7 in Stealth
  6127 | D:4      | Noticed an ogre
  6133 | D:4      | Killed an ogre
  6133 | D:4      | Reached skill level 8 in Stealth
  6133 | D:4      | Reached XP level 5. HP: 38/38 MP: 5/5
  6527 | D:5      | Entered Level 5 of the Dungeon
  6587 | D:5      | Reached skill level 9 in Stealth
  6925 | D:5      | Reached XP level 6. HP: 11/44 MP: 6/6
  7484 | D:4      | HP: 11/44 [quasit (2)]
  9193 | D:5      | HP: 2/44 [hound skeleton (4)]
  9785 | D:5      | Found a staircase to the Ecumenical Temple.
  9796 | Temple   | Entered the Ecumenical Temple
  9801 | Temple   | Became a worshipper of Dithmenos the Shadowed
 10162 | D:5      | Noticed Grinder
 10244 | D:5      | Got an encrusted chain mail
 10334 | D:6      | HP: 11/44 [giant frog (7)]
 10341 | D:6      | HP: 10/44 [giant frog (1)]
 10343 | D:6      | HP: 4/44 [giant frog (4)]
 10348 | D:6      | HP: 6/44 [giant frog (4)]
 10349 | D:6      | Reached skill level 10 in Stealth
 10686 | D:6      | Learned a level 2 spell: Slow
 10697 | D:6      | Reached skill level 1 in Hexes
 10761 | D:5      | HP: 11/44 [crimson imp (3)]
 10766 | D:5      | HP: 10/44 [crimson imp (1)]
 10831 | D:5      | HP: 7/44 [crimson imp (3)]
 10839 | D:5      | HP: 6/44 [crimson imp (1)]
 10843 | D:5      | Identified the cursed +1 chain mail "Coirgh" {+Fly MR+} (You found it on level 5 of the Dungeon)
 10866 | D:5      | Noticed a phantom
 10895 | D:5      | HP: 10/44 [hound zombie (1)]
 10898 | D:5      | HP: 4/44 [hound zombie (4)]
 10902 | D:5      | Slain by a hound zombie

Vault maps used:
D:1:      mrwooster_arrival_statue_2
D:3:      minmay_door_square, dk_yredelemnul_ordeal
D:5:      kennysheep_big_flooded_room, lemuel_coloured_pillars_altar,
          minmay_temple_entry_glassed_door, first_bread, uniq_grinder,
          uniq_duvessa
D:6:      lemuel_blue_sif_altar, tgw_fedhas, uniq_pikel
Temple:   circular_temple_13

Action                   |  1- 3 |  4- 6 || total
-------------------------+-------+-------++-------
Melee: Dagger            |   199 |   261 ||   460
       Rapier            |    14 |       ||    14
Throw: Throwing net      |    24 |    16 ||    40
 Abil: End Transformatio |       |     1 ||     1
       Bat Form          |       |     1 ||     1
Evoke: Wand              |       |     1 ||     1
  Use: Potion            |     2 |    10 ||    12
       Scroll            |       |     5 ||     5
 Stab: Sleeping          |     7 |     9 ||    16
       Held in net/web   |     3 |     4 ||     7
       Distracted        |       |     1 ||     1

Vault maps used:
D:1:      mrwooster_arrival_statue_2
D:3:      minmay_door_square, dk_yredelemnul_ordeal
D:5:      kennysheep_big_flooded_room, lemuel_coloured_pillars_altar,
          minmay_temple_entry_glassed_door, first_bread, uniq_grinder,
          uniq_duvessa
D:6:      lemuel_blue_sif_altar, tgw_fedhas, uniq_pikel
Temple:   circular_temple_13

Table legend:
 A = Turns spent in this place as a percentage of turns spent in the entire game.
 B = Non-inter-level travel turns spent in this place as a percentage of non-inter-level travel turns spent in the entire game.
 C = Inter-level travel turns spent in this place as a percentage of turns spent in this place.
 D = Turns resting spent in this place as a percentage of non-inter-level travel turns spent in this place.
 E = Turns spent auto-exploring this place as a percentage of non-inter-level travel turns spent in this place.
 F = Non-inter-level travel turns spent in this place divided by the number of levels of this place that you've seen.
                   A       B       C       D       E      F
               +-------+-------+-------+-------+-------+----------------------
         Total | 100.0 | 100.0 |   0.5 |   5.3 |   5.9 | 254.6
       Dungeon |  99.3 |  99.3 |   0.5 |   5.3 |   6.0 | 295.0
        Temple |   0.7 |   0.7 |   0.0 |   0.0 |   0.0 |  12.0
               +-------+-------+-------+-------+-------+----------------------

Table legend:
 A = Kills in this place as a percentage of kills in entire the game.
 B = Kills by you in this place as a percentage of kills by you in the entire game.
 C = Kills by friends in this place as a percentage of kills by friends in the entire game.
 D = Other kills in this place as a percentage of other kills in the entire game.
 E = Experience gained in this place as a percentage of experience gained in the entire game.
 F = Experience gained in this place divided by the number of levels of this place that you have seen.
                   A       B       C       D       E      F
               +-------+-------+-------+-------+-------+----------------------
         Total | 100.0 | 100.0 |  -nan |  -nan | 100.0 |  83.0
       Dungeon | 100.0 | 100.0 |  -nan |  -nan | 100.0 |  96.8
               +-------+-------+-------+-------+-------+----------------------
